AoeStats
← Aleksander Tiriev

Arena

510135076Analyzed
4v4 RM · 4d ago on Sep 29, 2026· 55m 28s· 8 players
Game mode
Random Map
Map size
Large (8 player)
Population
200
Speed
Normal
Resources
Standard
Victory
Conquest
Starting age
Dark Age
Ending age
Imperial Age
RankedLock teamsTeams togetherTeam positionsShared explorationLock speedFull tech treeHidden civsTurbo modeCheats
Victory
Defeat
🇹🇷 Khmer · Türkiye
902
+16
🇪🇸 Turks · Spain
854
+18
🇮🇳 Cumans · India
830
+19
🇰🇿 Ethiopians · Kazakhstan
824
+19
🇪🇸 Vietnamese · Spain
1005
-23
🇪🇸 Byzantines · Spain
981
-21
🇪🇸 Franks · Spain
869
-17
🇪🇸 Vikings · Spain
733
-11
Rastaroh
10:15 Feudal Age
10:59 Double-Bit Axe
17:42 Castle Age
16:32 Horse Collar
17:53 Bloodlines
19:22 Bow Saw
20:00 Husbandry
26:10 Gold Mining
31:04 Imperial Age
29:11 Wheelbarrow
29:35 Caravan
30:11 Padded Archer Armor
31:34 Leather Archer Armor
31:17 Loom
32:16 Scale Barding Armor
32:22 Forging
32:36 Conscription
33:43 Two-Man Saw
32:59 Heavy Plow
35:27 Gold Shaft Mining
35:47 Artillery
39:04 Ring Archer Armor
38:55 Chain Barding Armor
39:11 Iron Casting
44:22 Plate Barding Armor
44:58 Blast Furnace
46:50 Hand Cart
Кизяка
9:49 Feudal Age
10:20 Double-Bit Axe
10:19 Horse Collar
18:17 Castle Age
18:22 Stone Mining
19:07 Fletching
19:34 Bow Saw
19:26 Heavy Plow
19:14 Crossbowman
20:23 Squires
20:46 Gold Mining
24:40 Loom
30:15 Husbandry
30:42 Light Cavalry
31:55 Elite Skirmisher
33:55 Wheelbarrow
38:57 Imperial Age
37:03 Scale Barding Armor
37:09 Forging
40:47 Hand Cart
40:25 Hussar
43:25 Two-Man Saw
44:56 Conscription
45:15 Thumb Ring
46:18 Bodkin Arrow
46:24 Padded Archer Armor
47:12 Chain Barding Armor
47:28 Iron Casting
47:03 Arbalester
53:45 Capped Ram
55:27 Siege Ram
King Lear
10:15 Feudal Age
15:26 Castle Age
13:46 Double-Bit Axe
14:46 Horse Collar
19:21 Loom
22:03 Wheelbarrow
21:33 Stone Mining
25:41 Hand Cart
30:01 Imperial Age
28:21 Gold Mining
30:33 Bow Saw
32:11 Chemistry
32:27 Pikeman
33:11 Capped Ram
34:38 Conscription
35:13 Heavy Scorpion
37:54 Siege Ram
47:39 Forging
49:03 Light Cavalry
49:43 Husbandry
50:28 Scale Barding Armor
51:19 Gold Shaft Mining
51:20 Stone Shaft Mining
51:05 Caravan
52:18 Heavy Plow
53:37 Hussar
FluxyAshYT
0:26 Loom
13:19 Feudal Age
15:30 Double-Bit Axe
15:18 Man-at-Arms
17:23 Scale Mail Armor
24:59 Castle Age
23:53 Stone Mining
23:58 Gold Mining
24:01 Horse Collar
24:39 Fletching
25:15 Capped Ram
26:32 Squires
27:08 Pikeman
29:33 Gold Shaft Mining
30:06 Bow Saw
30:53 Padded Archer Armor
34:02 Imperial Age
31:49 Forging
31:58 Steppe Husbandry
31:58 Bodkin Arrow
32:19 Leather Archer Armor
34:01 Wheelbarrow
34:51 Scale Barding Armor
35:17 Conscription
34:43 Halberdier
37:45 Ring Archer Armor
39:33 Ballistics
39:50 Chain Barding Armor
39:39 Siege Ram
41:45 Elite Steppe Lancer
43:30 Chemistry
43:49 Caravan
45:41 Chain Mail Armor
49:00 Cuman Mercenaries
49:10 Cavalier
50:23 Paladin
53:51 Plate Barding Armor
54:31 Elite Skirmisher
55:19 Thumb Ring
Aleksander Tiriev
12:07 Feudal Age
14:48 Horse Collar
14:56 Double-Bit Axe
19:30 Castle Age
20:12 Pikeman
21:15 Bow Saw
21:08 Heavy Plow
23:18 Gold Mining
23:18 Stone Mining
24:12 Squires
29:39 Gold Shaft Mining
31:28 Coinage
33:37 Imperial Age
32:08 Arson
32:42 Forging
32:33 Scale Mail Armor
34:42 Elite Varangian Guard
TuProblematicBebé
3:09 Loom
11:42 Feudal Age
12:04 Horse Collar
18:10 Castle Age
16:52 Padded Archer Armor
16:42 Double-Bit Axe
17:42 Padded Archer Armor
17:58 Fletching
18:13 Elite Skirmisher
20:35 Squires
25:35 Scale Mail Armor
25:45 Forging
29:14 Leather Archer Armor
30:02 Stone Mining
31:13 Pikeman
32:02 Gambesons
32:34 Fortified Wall
33:23 Wheelbarrow
38:10 Imperial Age
35:57 Hand Cart
36:22 Bow Saw
41:32 Conscription
42:31 Chemistry
41:50 Imperial Skirmisher
46:29 Ballistics
46:45 Elite Varangian Guard
49:21 Ring Archer Armor
49:44 Bodkin Arrow
51:11 Two-Man Saw
50:06 Gold Mining
50:19 Heavy Plow
50:07 Halberdier
52:37 Chain Mail Armor
53:12 Crop Rotation
53:54 Iron Casting
53:20 Bracer
53:42 Murder Holes
Crazy Finger
11:02 Feudal Age
15:11 Castle Age
13:12 Horse Collar
13:54 Double-Bit Axe
15:48 Bloodlines
16:59 Loom
20:42 Husbandry
22:16 Wheelbarrow
23:15 Hand Cart
24:38 Town Watch
25:01 Heavy Plow
26:29 Bow Saw
30:25 Imperial Age
28:58 Gold Mining
28:59 Stone Mining
29:21 Scale Barding Armor
29:07 Fletching
29:38 Chatras
30:32 Chain Barding Armor
30:58 Ballistics
31:57 Forging
33:09 Crop Rotation
34:07 Two-Man Saw
34:12 Elite Skirmisher
36:02 Chemistry
35:00 Bodkin Arrow
35:06 Padded Archer Armor
35:42 Iron Casting
35:39 Imperial Skirmisher
38:20 Thumb Ring
39:12 Bracer
39:29 Leather Archer Armor
39:42 Elite Battle Elephant
43:54 Plate Barding Armor
43:50 Ring Archer Armor
46:04 Pikeman
46:44 Squires
46:45 Halberdier
plin plin
12:16 Feudal Age
17:38 Castle Age
16:16 Double-Bit Axe
16:30 Gold Mining
16:56 Stone Mining
17:00 Fletching
19:20 Bodkin Arrow
19:43 Bow Saw
21:52 Loom
25:29 Gold Shaft Mining
26:32 Wheelbarrow
28:17 Forging
30:42 Hand Cart
30:39 Town Watch
34:41 Imperial Age
32:32 Husbandry
31:52 Light Cavalry
32:43 Scale Barding Armor
35:52 Iron Casting
35:31 Cavalier
39:15 Blast Furnace
37:55 Elite Skirmisher
39:19 Paladin
40:45 Chain Barding Armor
39:56 Imperial Skirmisher
41:28 Padded Archer Armor
42:20 Conscription
49:40 Chemistry
49:04 Ballistics
49:21 Masonry
48:55 Treadmill Crane
50:36 Chemistry
50:48 Scale Mail Armor
Connection lost

Rejoining the realm…

Still unreachable

The connection could not be restored.

Session expired

The server has moved on; the page needs a fresh start.